 Dungeon Crawl Stone Soup version 0.24.0-123-gd5b16e6ec5 (webtiles) character file.

Game seed: 5745012358798735531, levelgen mode: deterministic

75 brucemayne the Chopper (level 4, 0/39 HPs)
             Began as a Hill Orc Monk on Jan 20, 2020.
             Succumbed to a kobold's poison
             ... on level 3 of the Dungeon.
             The game lasted 00:03:49 (1042 turns).

brucemayne the Chopper (Hill Orc Monk)              Turns: 1042, Time: 00:03:50

Health: 0/39       AC:  8    Str: 14    XL:     4   Next: 31%
Magic:  4/4        EV:  6    Int: 10    God:
Gold:   68         SH:  0    Dex: 13    Spells: 3/3 levels left

rFire    + . .     SeeInvis .   a - +0 hand axe
rCold    + . .     Gourm    .   (no shield)
rNeg     . . .     Faith    .   d - +0 chain mail
rPois    +         Spirit   .   (no helmet)
rElec    +         Reflect  .   (no cloak)
rCorr    +         Harm     .   (no gloves)
MR       .....                  (no boots)
Stlth    ..........             (no amulet)
HPRegen  0.13/turn              (no ring)
MPRegen  0.09/turn              (no ring)

@: lethally poisoned (0 -> -8), resistant
A: no striking features
a: no special abilities


You were on level 3 of the Dungeon.
You were hungry.

You visited 1 branch of the dungeon, and saw 5 of its levels.

You collected 68 gold pieces.

Inventory:

Hand Weapons
 a - a +0 hand axe (weapon)
Armour
 b - a +0 robe
 d - a +0 chain mail (worn)
Jewellery
 i - an uncursed ring of poison resistance {unknown}
Scrolls
 e - a scroll of amnesia {unknown}
 f - a scroll of fog {unknown}
 h - a scroll of identify {unknown}
Comestibles
 c - a ration


   Skills:
 - Level 3.6 Fighting
 + Level 6.6 Axes
 - Level 2.4 Dodging
 - Level 1.5 Stealth


You had 3 spell levels left.
You didn't know any spells.
Your spell library was empty.

Dungeon Overview and Level Annotations

Branches:
Dungeon (5/15)
 Temple: D:4-7

Altars:
Cheibriados
Qazlal


Message History

The crimson imp barely misses you. The howler monkey hits you.
* * * LOW HITPOINT WARNING * * *
It was a potion of resistance.
You feel protected.
* * * LOW HITPOINT WARNING * * *
You feel sick. The bat hits you but does no damage. x2
The jackal bites you but does no damage.
The quokka barely misses you. The bat hits you but does no damage.
The crimson imp hits you.
* * * LOW HITPOINT WARNING * * *
The goblin hits you but does no damage. The howler monkey barely misses you.
* * * LOW HITPOINT WARNING * * *
You feel sick. The bat barely misses you.
The crimson imp laughs crazily.
The crimson imp hits you.
* * * LOW HITPOINT WARNING * * *
The quokka barely misses you.
* * * LOW HITPOINT WARNING * * *
You feel sick. The bat hits you but does no damage.
The crimson imp blinks!
You die...

#.... #.....
..... #....
##...##
#$#...###
#.#....5##
#.##h>...#.#
#@.bh.....#
###hgh...(#
#r.......!
#.......#.
##.....##
##...## ####


You could see a howler monkey, a crimson imp, 3 jackals, a goblin and a bat.

Vanquished Creatures
  A centaur skeleton (D:4)
  2 oozes (D:2)
  2 dart slugs (D:1)
  2 leopard geckos
  An orc (D:3)
  A ball python (D:1)
  5 bats
  A giant cockroach (D:3)
  6 hobgoblins
  2 goblins
  3 kobolds
  6 rats
32 creatures vanquished.

Vanquished Creatures (others)
  A hobgoblin (D:1)
1 creature vanquished.

Grand Total: 33 creatures vanquished

Notes
Turn   | Place    | Note
-------+----------+-------------------------------------------
     0 | D:1      | brucemayne the Hill Orc Monk began the quest for the Orb.
     0 | D:1      | Reached XP level 1. HP: 19/19 MP: 1/1
    69 | D:1      | Reached XP level 2. HP: 8/26 MP: 2/2
   173 | D:1      | Reached skill level 5 in Axes
   501 | D:2      | Reached XP level 3. HP: 24/31 MP: 3/3
   708 | D:2      | Reached skill level 6 in Axes
   725 | D:2      | Found a stormy altar of Qazlal.
   919 | D:4      | Reached XP level 4. HP: 22/39 MP: 4/4
  1000 | D:4      | Found a snail-covered altar of Cheibriados.
  1012 | D:5      | Entered Level 5 of the Dungeon
  1035 | D:4      | Noticed an ogre
  1041 | D:3      | HP: 1/39 [poisoned by a kobold]
  1042 | D:3      | Succumbed to a kobold's poison

Levels and vault maps discovered:
D:1:      nicolae_arrival_memento_mori, layout_basic, minmay_tromino_v7
D:2:      cheibrodos_old_hovel, layout_loops_corners, lemuel_round_altar,
          nicolae_qazlal_eye_of_the_storm, lemuel_zombie_altar_yredelemnul,
          first_ration, uniq_terence
D:3:      layout_loops_cross
D:4:      layout_basic, kennysheep_mini_moat, portal_sewer_entry_d,
          cheibriados_altar_1
D:5:      layout_basic, brannock_xom_greatest_gift, uniq_grinder

Skill      XL: |  1  2  3 |
---------------+----------+-----
Axes           | 5 6 |  6.6
Fighting       | |  3.6
Dodging        | |  2.4
Stealth        | |  1.5

Action                   |  1- 3 |  4- 6 || total
-------------------------+-------+-------++-------
Melee: Hand axe          |   116 |     3 ||   119
  Use: Potion            |       |     1 ||     1
 Stab: Sleeping          |     3 |       ||     3
Armor: Robe              |     5 |       ||     5
       Chain mail        |    71 |    15 ||    86
Dodge: Dodged            |    75 |     9 ||    84
